 Dungeon Sprint DCSS version 0.19-a0-74-g8fff883 (webtiles) character file.

20423 Kathua the End of an Era (level 12, -4/103 HPs)
             Began as a Demonspawn Gladiator on May 10, 2016.
             Was the Champion of Qazlal.
             Slain by an entropy weaver (15 damage)
             ... in the Dungeon (Sprint IX: "|||||||||||||||||||||||||||||").
             The game lasted 00:06:57 (2040 turns).

Kathua the End of an Era (Demonspawn Gladiator)     Turns: 2040, Time: 00:06:57

Health: -4/103     AC: -3    Str: 16    XL:     12   Next: 45%
Magic:  17/27      EV: 17    Int: 10    God:    Qazlal [******]
Gold:   239        SH:  8    Dex: 21    Spells: 0 memorised, 11 levels left

rFire  + . .     SeeInvis .     o - +4 quarterstaff (speed)
rCold  + . .     Gourm    .     E - +0 storm dragon armour
rNeg   . . .     Faith    .     (shield currently unavailable)
rPois  +         Spirit   .     F - +1 helmet
rElec  +         Dismiss  .     q - +0 cloak
rCorr  .         Reflect  .     y - +0 pair of gloves
SustAt .         Harm     .     h - +0 pair of boots of Mish {rC+ MR+}
MR     +....     NoTele   +     (no amulet)
Stlth  ..........               C - ring of poison resistance
                                t - +3 ring of dexterity

@: protected from physical damage, corroded, repel missiles, somewhat resistant
to hostile enchantments, extremely unstealthy
A: hooves 2, repulsion field 1, fire resistance 1, ignite blood, powered by
death 1, flame cloud immunity
a: Upheaval, Elemental Force, Disaster Area, Renounce Religion


You were in the Dungeon.
You worshipped Qazlal.
Qazlal was exalted by your worship.
You were not hungry.

You visited 1 branch You collected 1916 gold pieces.
You spent 1677 gold pieces at shops.

Inventory:

Hand Weapons
 o - a +4 quarterstaff of speed (weapon)
Missiles
 d - 3 throwing nets (quivered)
Armour
 h - the +0 pair of boots of Mish (worn) {rC+ MR+}
   (You found it in the Dungeon)

   It protects you from cold.
   It affects your resistance to hostile enchantments.
 q - a +0 cloak (worn)
 y - a +0 pair of gloves (worn)
 E - a +0 storm dragon armour (worn)
 F - a +1 helmet (worn)
Jewellery
 t - a +3 ring of dexterity (left hand)
 C - a ring of poison resistance (right hand)
Wands
 n - a wand of iceblast (5/15)
Scrolls
 j - 4 scrolls of enchant armour
 k - 5 scrolls of blinking
 l - 3 scrolls of remove curse
 m - 3 scrolls of amnesia
 p - 3 scrolls of identify
 u - 8 scrolls of enchant weapon
 v - 2 scrolls of fog
Potions
 a - 3 potions of cure mutation
 b - a potion of agility
 c - a potion of haste
 e - 7 potions of curing
 g - 6 potions of heal wounds
 i - 4 potions of magic
 w - 3 potions of might
 x - a potion of beneficial mutation
Books
 B - a book of Alchemy

   Spells                             Type                      Level
   a - Sublimation of Blood           Necromancy                   2
   b - Ignite Poison                  Fire/Transmutation/Poison    3
   c - Petrify                        Transmutation/Earth          4
   d - Alistair's Intoxication        Transmutation/Poison         5
   e - Irradiate                      Conjuration/Transmutation    5
Comestibles
 f - 12 bread rations
 z - 40 fruits
 A - 12 meat rations


   Skills:
 + Level 12.6 Fighting
 + Level 15.4 Staves
 - Level 1.7 Throwing
 + Level 9.7 Armour
 + Level 11.9 Dodging
 * Level 22.3 Invocations


You had 11 spell levels left.
You didn't know any spells.

Dungeon Overview and Level Annotations

Branches:
Dungeon (1/1)

Altars:
Cheibriados
Dithmenos
Elyvilon
Fedhas
Gozag
Kikubaaqudgha
Makhleb
Nemelex Xobeh
Okawaru
Pakellas
Qazlal
Ru
Sif Muna
Trog
Vehumet
Xom
Yredelemnul
Zin
The Shining One
Beogh
Jiyva
Lugonu

Shops:
D ::**


Innate Abilities, Weirdness & Mutations

You have hoof-like feet.
You are surrounded by a mild repulsion field (EV +2).
Your flesh is heat resistant.
Your demonic aura causes spilled blood to erupt in flames.
You regenerate a little health from kills.
You are immune to clouds of flame.


Message History

You feel much better.
The entropy weaver is engulfed in roaring flames.
The entropy weaver hits you.
You feel more protected from physical attacks.
The entropy weaver hits you!
The entropy weaver completely misses you.
The entropy weaver closely misses you.
You hit the entropy weaver.
The entropy weaver is almost dead.
You miss the entropy weaver.
The entropy weaver is almost dead.
The entropy weaver is engulfed in roaring flames.
The entropy weaver hits you!
* * * LOW HITPOINT WARNING * * *
You feel more protected from physical attacks.
The entropy weaver misses you. The entropy weaver hits you!
* * * LOW HITPOINT WARNING * * *
You feel more protected from physical attacks.
The entropy weaver hits you!
You die...

▓.▓.▓.▓[▓.▓)▓
▓†▓.▓.▓.▓.▓.▓)▓
▓≈▓.▓.▓.▓.▓.▓.▓
▓.▓.▓.▓.▓'▓.▓.▓
▓≈▓.▓.▓.▓)▓.▓.▓
▓)▓.▓∩▓(▓[▓.▓.▓
▓.▓.▓.▓.▓.▓.▓)▓
▓p▓.▓∩▓.▓[▓.▓)▓
▓@▓.▓.▓)▓.▓.▓'▓
▓)▓.▓∩▓.▓.▓.▓[▓
▓.▓.▓)▓.▓.▓.▓.▓
▓.▓.▓∩▓.▓.▓.▓.▓
▓≈▓.▓)▓.▓†▓.▓.▓
▓≈▓.▓)▓.▓†▓.▓.▓
▓≈▓.▓)▓.▓†▓.▓)▓
▓)▓.▓)▓.▓.▓.▓|▓
▓.▓.▓)▓.▓'▓.▓.▓


You could see an entropy weaver.

Vanquished Creatures
  2 dire elephants (D)
  4 centaur warriors (D)
  Urug (D)
  An orc high priest (D)
  A wizard (D)
  2 unseen horrors (D)
  10 orc knights (D)
  2 necromancers (D)
  3 orc sorcerers (D)
  An ugly thing (D)
  A moth of wrath (shapeshifter) (D)
  A griffon (D)
  6 elephants (D)
  A gargoyle (D)
  A spiny frog (D)
  2 komodo dragons (D)
  A yak (D)
  A hungry ghost (D)
  A hippogriff (D)
  A basilisk (D)
  2 water moccasins (D)
  2 porcupines (D)
  6 orc warriors (D)
  A black bear (D)
  A phantom (D)
  2 wasps (D)
  2 wolves (D)
  3 crocodiles (D)
  2 giant frogs (D)
  A crimson imp (D)
  3 orc priests (D)
  4 orc wizards (D)
  A worker ant (D)
  A sheep (D)
  A gnoll (D)
  A river rat (D)
  2 adders (D)
  An adder skeleton (D)
  An adder zombie (D)
  15 orcs (D)
  A giant cockroach (D)
  A goblin (D)
  A quokka (D)
  A bat (D)
  2 rats (D)
101 creatures vanquished.

Notes
Turn   | Place    | Note
--------------------------------------------------------------
     0 | D        | Kathua the Demonspawn Gladiator began the quest for the Orb.
     0 | D        | Reached XP level 1. HP: 16/16 MP: 1/1
     8 | D        | Gained mutation: Your flesh is heat resistant. [demonic ancestry]
     8 | D        | Reached XP level 2. HP: 20/23 MP: 2/2
   158 | D        | Reached skill level 5 in Staves
   158 | D        | Reached XP level 3. HP: 28/28 MP: 3/3
   172 | D        | Found a glowing silver altar of Zin.
   172 | D        | Found a glowing golden altar of the Shining One.
   172 | D        | Found an ancient bone altar of Kikubaaqudgha.
   172 | D        | Found a basalt altar of Yredelemnul.
   172 | D        | Found a shimmering altar of Xom.
   172 | D        | Found a radiant altar of Vehumet.
   173 | D        | Found an iron altar of Okawaru.
   174 | D        | Found a burning altar of Makhleb.
   175 | D        | Found a deep blue altar of Sif Muna.
   176 | D        | Found a bloodstained altar of Trog.
   177 | D        | Found a sparkling altar of Nemelex Xobeh.
   178 | D        | Found a white marble altar of Elyvilon.
   179 | D        | Found a roughly hewn altar of Beogh.
   180 | D        | Found a viscous altar of Jiyva.
   181 | D        | Found a corrupted altar of Lugonu.
   182 | D        | Found a blossoming altar of Fedhas.
   183 | D        | Found a snail-covered altar of Cheibriados.
   184 | D        | Found a shadowy altar of Dithmenos.
   185 | D        | Found a stormy altar of Qazlal.
   186 | D        | Found an opulent altar of Gozag.
   187 | D        | Found a sacrificial altar of Ru.
   188 | D        | Found an oddly glowing altar of Pakellas.
   195 | D        | Became a worshipper of Qazlal Stormbringer
   360 | D        | Noticed a black bear
   360 | D        | Noticed a yak
   360 | D        | Noticed a wasp
   370 | D        | Killed a wasp
   370 | D        | Reached skill level 1 in Armour
   370 | D        | Reached skill level 5 in Dodging
   370 | D        | Reached skill level 4 in Invocations
   370 | D        | Gained mutation: You are surrounded by a mild repulsion field (EV +2). [demonic ancestry]
   370 | D        | Reached XP level 4. HP: 20/37 MP: 3/7
   379 | D        | Killed a yak
   379 | D        | Reached * piety under Qazlal
   379 | D        | Reached skill level 6 in Invocations
   379 | D        | Reached XP level 5. HP: 24/43 MP: 3/9
   379 | D        | Gained mutation: You have large cloven feet. [demonic ancestry]
   379 | D        | Reached XP level 6. HP: 28/50 MP: 3/10
   383 | D        | Reached skill level 5 in Fighting
   383 | D        | Reached skill level 7 in Invocations
   390 | D        | Reached ** piety under Qazlal
   520 | D        | Noticed a centaur warrior
   520 | D        | Noticed a centaur warrior
   532 | D        | Killed a centaur warrior
   532 | D        | Reached skill level 9 in Invocations
   532 | D        | Reached XP level 7. HP: 43/60 MP: 11/14
   532 | D        | Gained mutation: You have hoof-like feet. [demonic ancestry]
   532 | D        | Reached XP level 8. HP: 48/67 MP: 11/15
   552 | D        | Killed a centaur warrior
   552 | D        | Reached skill level 10 in Staves
   552 | D        | Reached skill level 10 in Invocations
   557 | D        | Reached *** piety under Qazlal
   571 | D        | Reached skill level 11 in Invocations
   726 | D        | Got the +0 pair of boots of Mish {rC+ MR+}
   749 | D        | Noticed a spiny frog
   766 | D        | Killed a spiny frog
   766 | D        | Reached **** piety under Qazlal
   766 | D        | Reached skill level 5 in Armour
   766 | D        | Gained mutation: You are immune to clouds of flame. [demonic ancestry]
   766 | D        | Reached XP level 9. HP: 73/75 MP: 17/17
   774 | D        | Reached skill level 10 in Dodging
   779 | D        | Noticed a komodo dragon
   802 | D        | Reached ***** piety under Qazlal
   802 | D        | Reached skill level 12 in Invocations
   812 | D        | Killed a komodo dragon
   916 | D        | Noticed a griffon
   916 | D        | Noticed a komodo dragon
   917 | D        | Killed a komodo dragon
   917 | D        | Killed a griffon
   917 | D        | Gained mutation: You regenerate a little health from kills. [demonic ancestry]
   917 | D        | Reached XP level 10. HP: 85/85 MP: 19/19
   941 | D        | Reached skill level 13 in Invocations
  1073 | D        | Noticed an elephant
  1073 | D        | Noticed an elephant
  1073 | D        | Noticed an elephant
  1073 | D        | Noticed an elephant
  1073 | D        | Noticed a dire elephant
  1073 | D        | Noticed an elephant
  1076 | D        | Killed an elephant
  1076 | D        | Reached skill level 10 in Fighting
  1076 | D        | Killed an elephant
  1076 | D        | Killed an elephant
  1076 | D        | Killed an elephant
  1078 | D        | Noticed a dire elephant
  1101 | D        | Killed a dire elephant
  1101 | D        | Reached skill level 14 in Invocations
  1102 | D        | Noticed an elephant
  1107 | D        | Killed an elephant
  1107 | D        | Killed an elephant
  1117 | D        | Killed a dire elephant
  1117 | D        | Reached ****** piety under Qazlal
  1117 | D        | Reached skill level 15 in Invocations
  1117 | D        | Gained mutation: Your demonic aura causes spilled blood to erupt in flames. [demonic ancestry]
  1117 | D        | Reached XP level 11. HP: 63/93 MP: 1/22
  1269 | D        | Noticed Urug
  1284 | D        | Killed Urug
  1383 | D        | Noticed an orc high priest
  1385 | D        | Killed an orc high priest
  1483 | D        | Reached skill level 16 in Invocations
  1489 | D        | Noticed an orc knight
  1492 | D        | Noticed an orc knight
  1510 | D        | Killed an orc knight
  1511 | D        | Killed an orc knight
  1511 | D        | Reached skill level 17 in Invocations
  1618 | D        | Found Qeyd's Assorted Antiques.
  1618 | D        | Noticed an orc knight
  1618 | D        | Noticed an orc sorcerer
  1618 | D        | Noticed an orc knight
  1618 | D        | Noticed an orc knight
  1619 | D        | Killed an orc sorcerer
  1622 | D        | Noticed an orc sorcerer
  1637 | D        | Noticed an orc knight
  1638 | D        | Killed an orc sorcerer
  1638 | D        | Killed an orc knight
  1638 | D        | Reached skill level 18 in Invocations
  1638 | D        | Killed an orc knight
  1643 | D        | Killed an orc knight
  1645 | D        | Noticed an orc knight
  1645 | D        | Found Tosereysh's Assorted Antiques.
  1647 | D        | Noticed an orc knight
  1647 | D        | Found Beupn's Book Boutique.
  1651 | D        | Killed an orc knight
  1652 | D        | Noticed an orc knight
  1652 | D        | Found Kyufegent's Book Shop.
  1652 | D        | Noticed an orc knight
  1658 | D        | Killed an orc knight
  1658 | D        | Reached skill level 19 in Invocations
  1660 | D        | Noticed an orc sorcerer
  1662 | D        | Killed an orc knight
  1681 | D        | Killed an orc knight
  1689 | D        | Killed an orc sorcerer
  1689 | D        | Reached skill level 15 in Staves
  1691 | D        | Killed an orc knight
  1691 | D        | Reached skill level 20 in Invocations
  1691 | D        | Reached XP level 12. HP: 102/102 MP: 3/26
  1748 | D        | Bought a potion of curing for 45 gold pieces
  1748 | D        | Bought a scroll of enchant weapon for 112 gold pieces
  1748 | D        | Bought a scroll of enchant weapon for 112 gold pieces
  1748 | D        | Bought a potion of heal wounds for 75 gold pieces
  1748 | D        | Bought a potion of heal wounds for 75 gold pieces
  1750 | D        | Bought a scroll of enchant armour for 232 gold pieces
  1750 | D        | Bought a scroll labeled TIOSOCZEMA for 31 gold pieces
  1750 | D        | Bought a scroll of enchant armour for 232 gold pieces
  1752 | D        | Bought a fuming amethyst potion for 13 gold pieces
  1762 | D        | Bought a book of Alchemy for 750 gold pieces
  1969 | D        | Noticed a centaur warrior
  1975 | D        | Killed a centaur warrior
  1985 | D        | Noticed a centaur warrior
  1997 | D        | Killed a centaur warrior
  1997 | D        | Reached skill level 21 in Invocations
  2004 | D        | Noticed an entropy weaver
  2026 | D        | Reached skill level 22 in Invocations
  2040 | D        | Slain by an entropy weaver

Vault maps used:
D:        linesprint

Skill      XL: |  1  2  3  4  5  6  7  8  9 10 11 12 |
---------------+-------------------------------------+-----
Staves         | 3 5 6 7 9 11 12 14 15 | 15.4
Dodging        | 3 4 5 6 8 9 10 11 | 11.9
Fighting       | 3 4 7 8 9 11 12 | 12.6
Armour         | 1 2 3 5 6 7 9 |  9.7
Invocations    | 4 6 9 11 12 15 20 22 | 22.3
Throwing       | |  1.7

Action                   |  1- 3 |  4- 6 |  7- 9 | 10-12 || total
-------------------------+-------+-------+-------+-------++-------
Melee: Quarterstaff      |    35 |    28 |    94 |   179 ||   336
Invok: Disaster Area     |       |       |       |    14 ||    14
Evoke: Wand              |       |     2 |       |       ||     2
  Use: Potion            |     2 |     1 |       |     1 ||     4
 Stab: Invisible         |     1 |     3 |       |       ||     4
  Eat: Chunk             |       |       |     1 |     2 ||     3
       Bread ration      |       |       |       |     1 ||     1
Armor: Leather armour    |     6 |       |       |       ||     6
       Scale mail        |     1 |     7 |     7 |    11 ||    26
       Storm dragon armo |       |       |       |    12 ||    12
Dodge: Dodged            |    18 |    13 |    30 |    45 ||   106
       Deflected         |       |       |       |     1 ||     1
Block: Other             |       |       |    13 |    22 ||    35
